Map: Winter's Gate LE

Players

UvIm

  • Race: Terran Terran
  • Spawn Location: 5:00

pHARM - Winner!

  • Race: Zerg Zerg
  • League: Platinum
  • Spawn Location: 11:00

VOD

Have the link to the VOD?

Description

Time

  • Played on: Aug. 20, 2019, 11:38 p.m.
  • Length: 12:47
Show
View Real Time Build Order
Export as new Build Order

UvIm Terran 

Build Orders: Reaper Expand, Mech 

Get SALT Encoding   

  12  0:01  SCV  
  13  0:13  SCV  
  14  0:17  Supply Depot  
  14  0:25  SCV  
  15  0:39  SCV  
  16  0:45  Barracks  
  16  0:51  SCV  
  16  0:56  Refinery  
  17  1:06  SCV  
  19  1:18  SCV  
  19  1:32  Orbital Command  
  19  1:45  Reaper  
  20  1:49  Command Center  
  20  1:57  Supply Depot  
  20  1:59  SCV  
  21  2:11  SCV  
  22  2:15  Barracks  
  22  2:27  SCV  
  23  2:34  Barracks Reactor  
  23  2:39  SCV  
  24  2:49  Supply Depot  
  24  2:51  SCV  
  25  3:00  Factory  
  25  3:01  Refinery  
  25  3:03  SCV  
  25  3:05  Orbital Command  
  26  3:06  Barracks Tech Lab  
  26  3:12  Marine x2  
  28  3:19  SCV  
  29  3:29  Marine  
  29  3:30  Marine x2  
  29  3:31  SCV  
  29  3:34  Stimpack  
  33  3:47  Marine  
  34  3:48  SCV x2  
  34  3:53  Supply Depot  
  34  3:54  Marine x2  
  34  3:55  Supply Depot, Factory Reactor  
  38  3:58  Starport  
  38  4:01  SCV x2  
  40  4:10  Marine  
  40  4:12  Marine  
  40  4:13  SCV x2  
  44  4:21  Supply Depot  
  44  4:24  Marine  
  44  4:25  SCV x2  
  44  4:28  Marine  
  44  4:30  Marine  
  49  4:31  Engineering Bay x2  
  49  4:37  SCV x2  
  51  4:42  Marine  
  52  4:46  Marine  
  52  4:49  SCV x2  
  52  4:52  Marine  
  56  5:00  Marine, Factory Tech Lab  
  56  5:01  SCV x2  
  56  5:04  Marine  
  56  5:06  Terran Infantry Weapons Level 1  
  60  5:09  Medivac  
  60  5:10  Marine, Medivac  
  60  5:13  Command Center  
  65  5:17  Refinery  
  65  5:18  Marine, Terran Infantry Armor Level 1, Refinery  
  65  5:20  SCV  
  67  5:24  SCV  
  68  5:29  Marine x2  
  68  5:32  SCV  
  71  5:36  Marine  
  71  5:39  SCV  
  71  5:40  Combat Shield  
  73  5:44  SCV  
  73  5:46  Marine  
  73  5:47  Marine  
  76  5:51  SCV  
  76  5:54  Marine  
  78  6:07  Liberator  
  78  6:15  Liberator  
  78  6:24  Marine x3  
  78  6:25  Siege Tank, SCV x2  
  92  6:37  SCV  
  93  6:42  SCV  
  93  6:43  Marine  
  93  6:44  Marine x2  
  81  7:01  Marine  
  81  7:02  Marine x2  
  83  7:11  Siege Tank  
  84  7:19  Marine  
  84  7:20  Marine x2  
  87  7:25  Medivac x2  
  87  7:26  SCV x2  
  93  7:36  Orbital Command  
  90  7:37  Marine  
  90  7:38  Marine x2, Liberator x2  
  90  7:44  Supply Depot x2  
  87  7:45  Factory x2  
  87  7:50  Armory  
  87  7:54  Marine  
  83  8:11  SCV x3  
  70  8:16  Marine x3  
  68  8:21  Widow Mine  
  68  8:23  SCV x3  
  68  8:28  Liberator x2  
  68  8:34  Marine  
  62  8:35  SCV x2  
  62  8:39  Marine x2  
  67  8:47  Widow Mine  
  67  8:48  Factory Reactor  
  75  8:51  Marine  
  75  8:52  Widow Mine  
  78  8:59  SCV x2  
  78  9:00  SCV  
  81  9:11  SCV  
  81  9:12  Marine x3, SCV x2  
  87  9:21  Barracks  
  87  9:23  SCV  
  87  9:24  SCV x2  
  89  9:25  Barracks  
  89  9:26  Barracks  
  89  9:30  Marine, Barracks  
  91  9:31  Command Center  
  91  9:35  Supply Depot  
  91  9:36  SCV x3  
  94  9:42  Supply Depot  
  94  9:44  Marine x2, Supply Depot  
  96  9:46  Factory Tech Lab, Widow Mine x2  
  96  9:47  Siege Tank, Supply Depot  
  96  9:48  Marine, SCV x3  
  107  9:54  Terran Infantry Weapons Level 2  
  107  9:59  Terran Infantry Armor Level 2  
  107  10:00  SCV x3  
  110  10:08  Bunker  
  110  10:10  Marine  
  110  10:11  Marine x2  
  110  10:12  SCV x2  
  110  10:13  SCV  
  116  10:17  Widow Mine x2  
  116  10:19  Widow Mine  
  116  10:20  Medivac  
  124  10:24  SCV x2  
  124  10:25  SCV  
  127  10:28  Marine  
  128  10:36  SCV  
  128  10:40  Refinery  
  129  10:44  SCV x2, Refinery  
  129  10:48  SCV  
  132  10:51  Marine  
  132  10:52  Marine x2  
  132  10:53  Liberator, Siege Tank x2  
  132  10:55  Widow Mine x2  
  132  10:56  SCV x2  
  147  11:00  SCV  
  148  11:08  SCV x2  
  148  11:09  Marine x2  
  155  11:12  SCV  
  156  11:21  Refinery  
  156  11:23  Refinery  
  156  11:26  Liberator  
  156  11:28  Supply Depot  
  156  11:30  SCV x2, Supply Depot, Widow Mine x3  
  156  11:31  Supply Depot  
  164  11:38  Marine x3  
  164  11:42  SCV x2  
  161  11:56  Marine, SCV x2  
  161  11:57  SCV  
  134  12:08  SCV  
  99  12:20  Marine  
  99  12:21  Marine x2  
  95  12:23  Widow Mine x3  
  95  12:24  Widow Mine  
Show
View Real Time Build Order
Export as new Build Order

pHARM Zerg - Winner!

Build Orders: Hatch First 

Get SALT Encoding   

  12  0:01  Drone  
  13  0:14  Overlord  
  13  0:24  Drone  
  14  0:35  Drone x2  
  14  0:41  Drone  
  17  0:56  Hatchery  
  16  1:01  Drone  
  16  1:02  Drone  
  18  1:12  Drone  
  19  1:21  Spawning Pool, Drone  
  19  1:30  Drone  
  20  2:02  Extractor  
  20  2:05  Drone x3  
  22  2:12  Queen x2  
  26  2:18  Overlord  
  26  2:27  Drone x2  
  28  2:37  Drone  
  28  2:38  Drone  
  30  2:55  Drone  
  30  2:56  Drone x3  
  34  3:02  Queen, Lair  
  36  3:09  Overlord  
  36  3:10  Overlord  
  36  3:19  Extractor  
  35  3:23  Zergling x2  
  35  3:26  Overlord x2  
  36  3:34  Hatchery  
  36  3:44  Metabolic Boost  
  36  3:51  Drone  
  36  3:52  Drone x5  
  42  3:58  Drone  
  42  3:59  Drone x4  
  47  4:09  Baneling Nest  
  46  4:15  Evolution Chamber  
  45  4:20  Extractor  
  45  4:21  Extractor  
  43  4:29  Roach Warren  
  42  4:57  Drone  
  42  4:58  Drone x10  
  53  5:16  Roach x2  
  53  5:17  Roach x2  
  61  5:27  Overlord  
  61  5:28  Overlord  
  61  5:45  Centrifical Hooks  
  61  5:58  Spore Crawler  
  61  5:59  Spine Crawler, Drone  
  61  6:00  Drone x2  
  61  6:01  Spine Crawler  
  61  6:11  Spore Crawler  
  61  6:12  Spine Crawler x2  
  61  6:16  Zergling x20  
  61  6:17  Zergling x10  
  73  6:22  Baneling x2  
  73  6:26  Zergling x8  
  77  6:35  Baneling  
  77  6:36  Baneling x18  
  77  6:37  Zergling x10  
  80  7:02  Drone x2  
  82  7:24  Zerg Melee Weapons Level 1  
  77  7:45  Drone x5  
  77  7:46  Overlord x2  
  77  7:47  Overlord x6  
  77  7:50  Extractor  
  81  7:54  Infestation Pit, Queen  
  81  7:58  Queen, Hydralisk Den  
  81  8:04  Queen  
  73  8:43  Drone x17  
  73  8:46  Zergling x6  
  93  8:58  Hive  
  93  9:00  Grooved Spines  
  93  9:06  Extractor  
  93  9:08  Extractor  
  91  9:18  Zerg Ground Armor Level 1  
  91  9:19  Hatchery  
  90  9:26  Overlord x3  
  90  9:27  Overlord  
  90  9:59  Hydralisk x9  
  92  10:00  Hydralisk x11  
  92  10:05  Baneling x11  
  92  10:06  Baneling  
  130  10:07  Zergling x8  
  130  10:12  Muscular Augments  
  134  10:39  Zergling x12  
  134  10:40  Zergling x14  
  147  10:49  Spire  
  146  10:56  Zergling x2  
  146  10:57  Zergling x14  
  154  11:03  Extractor  
  153  11:07  Extractor  
  96  12:26  Zergling x36  
  96  12:27  Zergling x26  
Tags
 
Composition
Mech
League
Platinum
Matchup
TvZ
Replay Pack
10.7.19
Spawn Locations
Cross Positions
Add a new tag
Caveats
  • Supply blocks, unpowered buildings, or Contaminate may cause inaccurate times.
  • Supply counts are checked every 10 seconds.